 Dungeon Crawl Stone Soup version 0.30.0-29-ga12c61a403 (webtiles) character file.

Game seed: 11161837399844026838

210922 McKennaii the Devastator (level 17, 0/111 HPs)
             Began as a Demigod Conjurer on June 10, 2023.
             Slain by a wolf spider (4 damage)
             ... on level 4 of the Spider Nest.
             The game lasted 02:00:01 (34511 turns).

McKennaii the Devastator (Demigod Conjurer)        Turns: 34511, Time: 02:00:02

Health: 0/111      AC: 10    Str: 10    XL:     17   Next: 57%
Magic:  3/44       EV: 14    Int: 40    God:
Gold:   2438       SH: 14    Dex: 15    Spells: 29/52 levels left

rFire   . . .        Z - staff of conjuration
rCold   + . .        M - +5 kite shield of Buciq {rPois Str+2 Slay+2}
rNeg    . . .        k - +1 robe of Vines {NoPotionHeal Regen++++}
rPois   +            v - +0 mask of the Dragon {Will+ Slay+3 SInv}
rElec   +            W - +1 cloak of Starlight {*Dazzle EV+4 Stlth--}
rCorr   .            h - +1 pair of gloves
SInv    +            N - +2 pair of boots {Stlth+}
Will    ++...        l - amulet of magic regeneration
Stlth   ++           X - ring of Vampiric Thralls {Wiz rC+ Dex+3}
HPRegen 3.58/turn    T - ring "Luis Datt" {Contam rElec rPois Slay+2 Stlth+}
MPRegen 0.69/turn

%: wizardry (x1)
@: about to teleport, slowed, studying Evocations, very slow
A: high MP 1, forlorn, divine attributes, hooves 1, wild magic 1
}: 1/15 runes: barnacled
a: no special abilities


You were on level 4 of the Spider Nest.
You visited 5 branches of the dungeon, and saw 30 of its levels.
You also visited: Sewer, Bailey and Ice Cave.

You collected 3622 gold pieces.
You spent 1184 gold pieces at shops.

Inventory:

Hand Weapons
 y - the +10 dagger "Kaaffeoras" {flame, Int+3}
   (You took it off a merfolk aquamancer on level 4 of the Shoals)

   Int:       It affects your intelligence (+3).
Armour
 h - a +1 pair of gloves (worn)
 k - the +1 robe of Vines (worn) {NoPotionHeal Regen++++}
   (You found it in a bailey)

   NoPotionHeal: Its wearer cannot be healed by potions.
   Regen:     It increases your rate of health regeneration.
 v - the +0 mask of the Dragon (worn) {Will+ Slay+3 SInv}
   (You bought it in a shop on level 1 of the Dungeon)

   Slay:      It affects your accuracy & damage with ranged weapons and melee
   (+3).
   SInv:      It lets you see invisible.
   Will:      It increases your willpower.
 G - the +3 chain mail "Boewn" {Will+ MP+9 Dex+3}
   (You found it on level 3 of the Shoals)

   Dex:       It affects your dexterity (+3).
   MP:        It affects your magic capacity (+9).
   Will:      It increases your willpower.
 M - the +5 kite shield of Buciq (worn) {rPois Str+2 Slay+2}
   (You found it on level 2 of the Lair of Beasts)

   Str:       It affects your strength (+2).
   Slay:      It affects your accuracy & damage with ranged weapons and melee
   (+2).
   rPois:     It protects you from poison.
 N - a +2 pair of boots of stealth (worn)
 W - the +1 cloak of Starlight (worn) {*Dazzle EV+4 Stlth--}
   (You found it on level 14 of the Dungeon)

   *Dazzle:   It may blind those who miss an attack against the wearer in melee
   combat.
   EV:        It affects your evasion (+4).
   Stlth:     It makes you much less stealthy.
Magical Staves
 f - a staff of cold
 Z - a staff of conjuration (weapon)
Jewellery
 j - the ring "Citilen" {Fly AC+4 Dex+3}
   (You acquired it on level 12 of the Dungeon)

   [ring of protection]

   AC:        It affects your AC (+4).
   Dex:       It affects your dexterity (+3).
   Fly:       It grants you flight.
 l - an amulet of magic regeneration (around neck)
 C - a ring of positive energy
 E - the ring of Hamammux {rPois rF+ rC+ Will+}
   (You found it on level 1 of the Shoals)

   [ring of protection from fire]

   rF:        It protects you from fire.
   rC:        It protects you from cold.
   rPois:     It protects you from poison.
   Will:      It increases your willpower.
 F - a ring of see invisible
 T - the ring "Luis Datt" (right hand) {Contam rElec rPois Slay+2 Stlth+}
   (You found it on level 11 of the Dungeon)

   [ring of poison resistance]

   Slay:      It affects your accuracy & damage with ranged weapons and melee
   (+2).
   rElec:     It insulates you from electricity.
   rPois:     It protects you from poison.
   Contam:    It causes magical contamination when unequipped.
   Stlth:     It makes you more stealthy.
 X - the ring of Vampiric Thralls (left hand) {Wiz rC+ Dex+3}
   (You found it on level 1 of the Spider Nest)

   [ring of wizardry]

   It improves your spell success rate.
   Dex:       It affects your dexterity (+3).
   rC:        It protects you from cold.
Wands
 a - a wand of flame (12)
 w - a wand of polymorph (20)
 I - a wand of iceblast (27)
 J - a wand of mindburst (18)
 K - a wand of acid (2)
 Q - a wand of charming (16)
Scrolls
 n - 8 scrolls of immolation
 q - 2 scrolls of magic mapping
 t - a scroll of brand weapon
 x - 3 scrolls of summoning
 z - 9 scrolls of teleportation
 A - 4 scrolls of poison
 H - 9 scrolls of identify
 O - 4 scrolls of amnesia
 R - 3 scrolls of enchant weapon
 U - 7 scrolls of enchant armour
 Y - a scroll of fog
Potions
 b - 3 potions of magic
 c - 5 potions of cancellation
 d - 12 potions of might
 e - 10 potions of flight
 g - 5 potions of brilliance
 i - 12 potions of heal wounds
 m - 5 potions of berserk rage
 p - 6 potions of mutation
 r - 5 potions of invisibility
 s - a potion of experience
 B - 8 potions of lignification
 D - 6 potions of haste
 L - 6 potions of curing
 P - 4 potions of attraction
 S - 2 potions of resistance
 V - 11 potions of ambrosia


   Skills:
 - Level 1.7 Dodging
 - Level 1.7 Stealth
 * Level 4.5 Shields
 + Level 18.0 Spellcasting
 + Level 19.6 Conjurations
 * Level 13.8 Earth Magic


You had 29 spell levels left.
You knew the following spells:

 Your Spells              Type           Power      Damage    Failure   Level
a - Magic Dart            Conj           100%       1d8       1%          1
b - Searing Ray           Conj           100%       2d8       1%          2
c - Iskenderun's Mystic   Conj/Tloc      100%       2d19      1%          4
d - Stone Arrow           Conj/Erth      100%       3d13      1%          3
e - Lehudib's Crystal Sp  Conj/Erth      73%        10d16     12%         8
f - Freezing Cloud        Conj/Ice/Air   53%        6-21      4%          5

Your spell library contained the following spells:

 Spells                   Type           Power      Damage    Failure   Level
 Foxfire                  Conj/Fire      100%       2x1d9     1%          1
 Static Discharge         Conj/Air       100%       2-7/arc   1%          2
 Dazzling Flash           Conj/Hex       100%       N/A       1%          3
 Hailstorm                Conj/Ice       100%       3d20      1%          3
 Animate Armour           Summ/Erth      100%       N/A       1%          4
 Flame Wave               Conj/Fire      100%       2d21      1%          4
 Fulminant Prism          Conj/Hex       61%        3d26      1%          4
 Leda's Liquefaction      Hex/Erth       43%        N/A       1%          4
 Petrify                  Tmut/Erth      87%        N/A       1%          4
 Sticky Flame             Conj/Fire      100%       2d11      1%          4
 Arcjolt                  Conj/Air       61%        1d71      1%          5
 Irradiate                Conj/Tmut      61%        3d32      1%          5
 Lee's Rapid Deconstruct  Erth           56%        3d26*     1%          5
 Necrotise                Necr           100%       1d9       2%          1
 Slow                     Hex            100%       N/A       2%          1
 Summon Small Mammal      Summ           100%       N/A       2%          1
 Poisonous Vapours        Pois/Air       92%        N/A       3%          2
 Sublimation of Blood     Necr           46%        N/A       3%          2
 Wereblood                Tmut           46%        N/A       3%          2
 Call Canine Familiar     Summ           46%        N/A       6%          3
 Confusing Touch          Hex            46%        N/A       6%          3
 Gell's Gravitas          Tloc           46%        N/A       6%          3
 Inner Flame              Hex/Fire       46%        N/A       6%          3
 Ozocubu's Armour         Ice            46%        N/A       6%          3
 Portal Projectile        Hex/Tloc       92%        N/A       6%          3
 Summon Guardian Golem    Hex/Summ       46%        N/A       6%          3
 Teleport Other           Tloc           46%        N/A       6%          3
 Vampiric Draining        Necr           46%        2d9       6%          3
 Statue Form              Tmut/Erth      58%        N/A       16%         6
 Airstrike                Air            23%        2d(4-20)  17%         4
 Ice Form                 Ice/Tmut       46%        N/A       17%         4
 Olgreb's Toxic Radiance  Pois           46%        N/A       17%         4
 Summon Lightning Spire   Summ/Air       46%        N/A       17%         4
 Agony                    Necr           46%        N/A       38%         5
 Metabolic Englaciation   Hex/Ice        23%        N/A       38%         5
 Yara's Violent Unravell  Hex/Tmut       23%        3d10      38%         5
 Dispersal                Tloc           23%        N/A       89%         6
 Simulacrum               Ice/Necr       23%        N/A       89%         6
 Enfeeble                 Hex            23%        N/A       100%        7
 Summon Hydra             Summ           23%        N/A       100%        7
 Discord                  Hex            23%        N/A       100%        8
 Ignition                 Fire           23%        3d8       100%        8


Dungeon Overview and Level Annotations

Branches:
Dungeon (15/15)            Temple (0/1) D:4            Lair (5/5) D:11
 Shoals (4/4) Lair:3       Spider (4/4) Lair:2        Slime (0/5) Lair:4
    Orc (2/2) D:12            Elf (0/3) Orc:2        Vaults (0/5) D:14
 Depths (0/4) D:15          Sewer (visited)          Bailey (visited)
  IceCv (visited)

Shops:
D:1 [   D:3 (   D:10 [   Orc:2 ([=*   Shoals:4 *

Annotations:
D:11 Henri's ghost, journeyman VSEn
Shoals:3 Roxanne
Spider:4 Arachne


Innate Abilities, Weirdness & Mutations

You have an increased reservoir of magic. (+10% MP)
You shall have no god before yourself.
Your divine heritage dramatically boosts your attributes as you level up.
You have large cloven feet.
Your spells are a little harder to cast, but a little more powerful.


Message History

Casting: Iskenderun's Mystic Blast (mildly dangerous; 1% risk of failure)
Confirm with . or Enter, or press ? or * to list all spells.
You feel a surge of power!
You erupt in a blast of force!
The mystic blast hits the tarantella!
The tarantella is moderately wounded.
The tarantella is knocked back by the mystic blast.
The tarantella collides with the torpor snail!
The torpor snail is moderately wounded.
The tarantella is severely wounded.
The mystic blast hits the wolf spider!
The wolf spider is moderately wounded.
The wolf spider is knocked back by the mystic blast.
The mystic blast hits the wolf spider!!
The wolf spider is moderately wounded.
The wolf spider is knocked back by the mystic blast.
The mystic blast hits the entropy weaver!
The entropy weaver is lightly wounded.
The entropy weaver is knocked back by the mystic blast.
The entropy weaver collides with the tarantella!
You kill the tarantella!
The entropy weaver is moderately wounded.
The mystic blast hits the wolf spider!!
The wolf spider is severely wounded.
The wolf spider is knocked back by the mystic blast.
The orb spider is healed somewhat.
A sun moth comes into view.
The jumping spider leaps!
The entropy weaver barely misses you. You block the entropy weaver's attack.
The entropy weaver hits you!
* * * LOW HITPOINT WARNING * * *
The entropy weaver hits you but does no damage.
The orb spider's wounds heal themselves!
The jumping spider leaps!
Unknown command.
Unknown command.
Unknown command.
As you read the scroll of teleportation, it crumbles to dust.
You feel strangely unstable. The wolf spider hits you!
* * * LOW HITPOINT WARNING * * *
The wolf spider bites you.
You die...

.....w.....#
#..s......#
#^.....w.s..#
#......#s°.##
#....s.##s...#
#....... #..##
#........#s°.###
#..^.....s...:.#
...........ss@#
.y.....B#
...ss††w.
...^....^#
.#^s.#...#
##.##!### ## ##


You could see a sun moth, an entropy weaver, 2 torpor snails, 4 wolf spiders, an
orb spider, a culicivora, 3 jumping spiders and a tarantella.

Vanquished Creatures
  Mlioglotl (Spider:2)
  3 krakens (Shoals:4)
  Gastronok (D:10)
  Polyphemus (Shoals:3)
  Kirke (Spider:2)
  Donald (Shoals:3)
  4 emperor scorpions
  An orc warlord (Orc:2)
  A broodmother (Spider:2)
  The ghost of Juirae the Grappler, a journeyman TrMo of Wu Jian (Lair:4)
  A juggernaut skeleton (D:15)
  Azrael (Orc:2)
  The ghost of caveywoolpert the Thaumaturge, a journeyman GrEE of Cheibriados (D:12)
  A spark wasp (Spider:2)
  Snorg (D:13)
  9 merfolk impalers
  The ghost of Josd the Cleaver, a journeyman DrTm of Hepliaklqana (D:11)
  3 merfolk javelineers (Shoals:4)
  Fannar (D:10)
  4 hydras
  Harold (D:9)
  An entropy weaver (Spider:1)
  The ghost of purpleHaze the Skirmisher, a journeyman HuHu of Uskayaw (D:11)
  A jorogumo (Spider:1)
  6 catoblepae
  5 centaur warriors
  2 alligator snapping turtles (Shoals:4)
  2 ogre magi
  5 merfolk aquamancers
  A satyr (Shoals:4)
  7 two-headed ogres
  4 boulder beetles
  A tengu warrior (D:15)
  4 merfolk avatars
  A radroach (Spider:2)
  2 orc high priests (Orc:2)
  Urug (D:13)
  9 death yaks
  3 wretched stars (D:14)
  9 skeletal warriors
  Nergalle (D:10)
  5 skysharks
  Lodul (D:11)
  5 pharaoh ants
  10 sea snakes
  A sun moth (Spider:3)
  A flayed ghost (D:15)
  2 steelbarb worms
  3 cherubim (D:14)
  A glowing orange brain (D:12)
  A lindwurm (Lair:5)
  A necromancer (D:15)
  3 orb spiders
  4 deep elf pyromancers
  16 ugly things
  11 harpies
  4 orc knights
  A mana viper (shapeshifter) (D:12)
  An oklob plant (Lair:4)
  9 fauns
  A fire giant zombie (D:15)
  7 orc sorcerers
  7 cyclopes
  8 wolf spiders
  19 manticores
  5 black mambas
  17 elephants
  5 moths of wrath
  2 molten gargoyles (Lair:3)
  4 demonic crawlers
  2 ice statues (IceCv)
  10 merfolk sirens
  10 water nymphs
  4 torpor snails
  Joseph (D:9)
  10 cane toads
  A kobold demonologist (D:10)
  A gargoyle (D:11)
  12 komodo dragons
  A spriggan zombie (D:15)
  3 rime drakes
  21 merfolk
  A freezing wraith (IceCv)
  A queen bee (D:14)
  3 meliai (D:14)
  A meliai (shapeshifter) (D:15)
  3 trolls (Orc:2)
  A hornet (D:10)
  4 polar bears
  The ghost of Azuvok the Shooter, an amateur FoHu (D:3)
  12 blink frogs
  3 wind drakes
  A blink frog (shapeshifter) (D:15)
  9 snapping turtles
  13 dream sheep
  22 tarantellas
  Sigmund (D:4)
  11 culicivoras
  15 slime creatures
  5 shadows
  A centaur simulacrum (D:11)
  A vampire (D:14)
  77 yaks
  3 wraiths
  A culicivora (shapeshifter) (D:12)
  15 jumping spiders
  12 water elementals
  A hog (Spider:2)
  8 basilisks
  2 humans (Spider:2)
  6 wyverns
  5 fire elementals
  3 neqoxecs (D:12)
  7 vampire mosquitoes
  2 steam dragons
  50 redbacks
  Menkaure (D:4)
  7 wargs
  A death yak simulacrum (IceCv)
  Edmund (D:6)
  5 acid dragons
  A harpy simulacrum (IceCv)
  An acid dragon (shapeshifter) (D:12)
  A water moccasin (shapeshifter) (D:12)
  21 water moccasins
  Duvessa (D:5)
  3 hell hounds
  A human skeleton (D:15)
  34 orc warriors
  3 ice beasts
  17 ogres
  19 centaurs
  13 wolves
  A phantom (D:5)
  3 kobold brigands
  A gnoll sergeant (D:8)
  12 bullfrogs
  3 scorpions
  9 wights
  Dowan (D:5)
  An elephant simulacrum (IceCv)
  25 killer bees
  A howler monkey (shapeshifter) (D:12)
  5 electric eels
  10 howler monkeys
  5 lava snakes (Lair:3)
  A jelly (D:5)
  22 orc priests
  A gnoll bouda (D:6)
  4 iguanas
  A sleepcap (D:5)
  Crazy Yiuf (D:4)
  Jessica (D:2)
  19 orc wizards
  A polar bear simulacrum (IceCv)
  9 adders
  17 gnolls
  6 river rats (Sewer)
  4 shadow imps
  2 white imps
  3 ufetubi
  3 worms
  2 dart slugs
  72 orcs
  13 ball pythons
  8 endoplasms
  5 giant cockroaches
  10 goblins
  8 hobgoblins
  2 jackals (Sewer)
  7 quokkas
  14 bats
  4 frilled lizards
  24 kobolds
  7 rats
  6 tentacles (Shoals:4)
1121 creatures vanquished.

Vanquished Creatures (others)
  A human (Spider:2)
  An orc wizard (Orc:2)
  13 tentacles (Shoals:4)
15 creatures vanquished.

Grand Total: 1136 creatures vanquished

Notes
Turn   | Place    | Note
-------+----------+-------------------------------------------
     0 | D:1      | McKennaii the Demigod Conjurer began the quest for the Orb.
     0 | D:1      | Reached XP level 1. HP: 14/14 MP: 5/5
   319 | D:1      | Reached XP level 2. HP: 20/20 MP: 4/7
   322 | D:1      | Learned a level 2 spell: Searing Ray
   527 | D:1      | Reached skill level 4 in Conjurations
   933 | D:1      | Found Gekliwn's Armour Shoppe.
  1196 | D:2      | You fall into a shaft and drop 2 floors!
  1200 | D:4      | Noticed a howler monkey
  1230 | D:4      | Killed a howler monkey
  1231 | D:4      | Reached XP level 3. HP: 17/26 MP: 1/10
  1282 | D:4      | Reached XP level 4. HP: 33/33 MP: 5/11
  1294 | D:4      | Noticed Menkaure
  1299 | D:4      | Killed Menkaure
  1300 | D:4      | Reached skill level 5 in Conjurations
  1300 | D:4      | Reached XP level 5. HP: 38/38 MP: 8/13
  1603 | D:3      | Found a runed translucent door.
  1603 | D:3      | Noticed Azuvok's ghost (amateur FoHu)
  1627 | D:3      | Reached XP level 6. HP: 35/45 MP: 10/15
  1707 | D:3      | Found a glowing drain.
  1721 | Sewer    | Entered a sewer
  2652 | D:3      | Found Xesell's Weapon Boutique.
  2953 | D:2      | Got the Parchment of Nephomancy and Breccia
  2959 | D:2      | Learned a level 4 spell: Iskenderun's Mystic Blast
  2965 | D:2      | Learned a level 5 spell: Freezing Cloud
  3029 | D:2      | Noticed Jessica
  3034 | D:2      | Killed Jessica
  3403 | D:2      | Reached skill level 6 in Conjurations
  3585 | D:4      | Found a staircase to the Ecumenical Temple.
  3673 | D:4      | Noticed Sigmund
  3682 | D:4      | Killed Sigmund
  3683 | D:4      | Reached skill level 5 in Spellcasting
  3683 | D:4      | Reached XP level 7. HP: 44/50 MP: 9/18
  3898 | D:4      | Found a runed translucent door.
  3899 | D:4      | Noticed Crazy Yiuf
  4192 | D:4      | Killed Crazy Yiuf
  4203 | D:4      | Identified the +7 hammer of Inconvenience {heavy, Int+3
                  | Stlth+}
  4434 | D:5      | Entered Level 5 of the Dungeon
  4720 | D:5      | Reached skill level 7 in Conjurations
  4757 | D:5      | Identified the +7 chain mail of the Unbroken {Rampage +Inv
                  | rPois Str-4}
  4811 | D:5      | Noticed Duvessa
  4811 | D:5      | Noticed Dowan
  4838 | D:5      | Killed Duvessa
  4839 | D:5      | Killed Dowan
  4840 | D:5      | Reached XP level 8. HP: 57/57 MP: 13/20
  5416 | D:3      | Killed Azuvok's ghost
  5602 | D:6      | Reached skill level 8 in Conjurations
  5780 | D:6      | Noticed Edmund
  5788 | D:6      | Killed Edmund
  5902 | D:6      | Reached XP level 9. HP: 22/62 MP: 8/24
  6152 | D:7      | Reached skill level 9 in Conjurations
  6191 | D:7      | Identified a scroll of acquirement
  6251 | D:7      | Found a flagged portal.
  6286 | Bailey   | Entered a bailey
  6394 | Bailey   | Found a large runed translucent door.
  6394 | Bailey   | Found a large runed translucent door.
  6395 | Bailey   | Noticed a deep elf pyromancer
  6427 | Bailey   | Noticed an orc knight
  6452 | Bailey   | HP: 2/62 [orc knight/+0 halberd (22)]
  6713 | Bailey   | Found the +1 robe of Vines {NoPotionHeal Regen++++}
  6754 | Bailey   | Killed an orc knight
  6939 | Bailey   | Killed a deep elf pyromancer
  6940 | Bailey   | Reached skill level 10 in Conjurations
  6985 | Bailey   | Identified the +2 ring mail of Untold Secrets {rElec rCorr
                  | Str-5}
  7165 | D:7      | Noticed a two-headed ogre
  7177 | D:7      | Killed a two-headed ogre
  7478 | D:8      | Reached XP level 10. HP: 40/69 MP: 17/27
  8075 | D:9      | Noticed Harold
  8177 | D:9      | Reached skill level 11 in Conjurations
  8407 | D:9      | Noticed Joseph
  8413 | D:9      | Killed Joseph
  8414 | D:9      | Reached skill level 10 in Spellcasting
  8430 | D:9      | Noticed a two-headed ogre
  8465 | D:9      | Killed a two-headed ogre
  8704 | D:9      | Killed Harold
  9003 | D:10     | Entered Level 10 of the Dungeon
  9053 | D:10     | Noticed Nergalle
  9079 | D:10     | Reached skill level 12 in Conjurations
  9079 | D:10     | Reached XP level 11. HP: 74/74 MP: 12/30
  9286 | D:10     | Noticed Fannar
  9300 | D:10     | Killed Nergalle
  9333 | D:10     | Noticed Gastronok
  9341 | D:10     | Killed Gastronok
  9586 | D:10     | Found Zadam's Antique Armour Shoppe.
  9591 | D:10     | Learned a level 3 spell: Stone Arrow
  9607 | D:10     | Killed Fannar
  9688 | D:10     | Bought a pair of embroidered boots for 187 gold pieces
 10143 | D:11     | Reached skill level 13 in Conjurations
 10316 | D:11     | Noticed a death yak
 10318 | D:11     | Found a runed translucent gate.
 10318 | D:11     | Found a runed translucent gate.
 10318 | D:11     | Found a runed translucent gate.
 10319 | D:11     | Noticed Henri's ghost (journeyman VSEn)
 10319 | D:11     | Noticed purpleHaze's ghost (journeyman HuHu)
 10322 | D:11     | Noticed Josd's ghost (journeyman DrTm)
 10342 | D:11     | Killed a death yak
 10585 | D:11     | Noticed Lodul
 10591 | D:11     | Killed Lodul
 10773 | D:11     | Reached XP level 12. HP: 73/81 MP: 27/33
 10842 | D:11     | Found a staircase to the Lair.
 11341 | D:12     | Reached skill level 14 in Conjurations
 11549 | D:12     | Got the Book of Scorching Topography
 11570 | D:12     | Found a runed translucent gate.
 11570 | D:12     | Found a runed translucent gate.
 11571 | D:12     | Found a runed translucent gate.
 11605 | D:12     | Found a staircase to the Orcish Mines.
 12036 | D:12     | a culicivora changed into an entropy weaver
 12036 | D:12     | Noticed an entropy weaver (glowing shapeshifter)
 12041 | D:12     | an entropy weaver changed into a queen bee
 12043 | D:12     | a queen bee changed into an entropy weaver
 12043 | D:12     | Noticed an entropy weaver (glowing shapeshifter)
 12153 | D:12     | Found a runed translucent gate.
 12153 | D:12     | Found a runed translucent gate.
 12156 | D:12     | Found a runed translucent gate.
 12158 | D:12     | Noticed an entropy weaver
 12158 | D:12     | Noticed caveywoolpert's ghost (journeyman GrEE)
 12181 | D:12     | Acquired the ring "Citilen" {Fly AC+4 Dex+3}
 12763 | D:11     | Killed purpleHaze's ghost
 12838 | D:11     | Killed Josd's ghost
 12907 | D:11     | Identified the ring "Luis Datt" {Contam rElec rPois Slay+2
                  | Stlth+}
 13241 | D:13     | Noticed Snorg
 13251 | D:13     | Killed Snorg
 13448 | D:13     | Reached skill level 15 in Conjurations
 13495 | D:13     | Noticed Urug
 13517 | D:13     | Killed Urug
 13558 | D:13     | Noticed a centaur warrior
 13581 | D:13     | Killed a centaur warrior
 13675 | D:13     | Reached XP level 13. HP: 86/86 MP: 23/35
 14539 | D:14     | Found a gate to the Vaults.
 14565 | D:14     | Reached skill level 16 in Conjurations
 15087 | Lair:1   | Entered Level 1 of the Lair of Beasts
 15273 | Lair:1   | Reached skill level 15 in Spellcasting
 16707 | D:14     | Reached XP level 14. HP: 87/93 MP: 29/38
 16769 | D:14     | Found the +1 cloak of Starlight {*Dazzle EV+4 Stlth--}
 16889 | D:15     | Entered Level 15 of the Dungeon
 17097 | D:15     | Reached skill level 17 in Conjurations
 17459 | D:15     | Found a staircase to the Depths.
 18400 | Lair:2   | Reached skill level 1 in Earth Magic
 18769 | Lair:2   | Found a hole to the Spider Nest.
 18784 | Lair:2   | Identified the +5 kite shield of Buciq {rPois Str+2 Slay+2}
 19943 | Lair:3   | Found a staircase to the Shoals.
 20513 | Lair:4   | Reached skill level 5 in Earth Magic
 20705 | Lair:4   | Found a staircase to the Slime Pits.
 20831 | Lair:4   | Noticed Juirae's ghost (journeyman TrMo)
 20832 | Lair:4   | Found a transporter.
 20836 | Lair:4   | Found a transporter.
 21132 | Lair:4   | Killed Juirae's ghost
 21133 | Lair:4   | Reached XP level 15. HP: 64/99 MP: 2/40
 21244 | Lair:5   | Entered Level 5 of the Lair of Beasts
 21585 | Lair:5   | Reached skill level 18 in Conjurations
 22404 | Lair:5   | Learned a level 8 spell: Lehudib's Crystal Spear
 22801 | D:12     | Gained mutation: Your spells are a little easier to cast,
                  | but a little less powerful. [a neqoxec]
 22819 | D:12     | Killed caveywoolpert's ghost
 22853 | D:12     | Gained mutation: You are frail. (-10% HP) [mutagenic glow]
 22865 | D:12     | Gained mutation: You are clumsy. (Dex -2) [mutagenic glow]
 22882 | D:12     | Lost mutation: You are frail. (-10% HP) [potion of
                  | mutation]
 22882 | D:12     | Lost mutation: Your spells are a little easier to cast, but
                  | a little less powerful. [potion of mutation]
 22882 | D:12     | Lost mutation: You are clumsy. (Dex -2) [potion of
                  | mutation]
 22882 | D:12     | Gained mutation: You are frail. (-10% HP) [potion of
                  | mutation]
 22882 | D:12     | Gained mutation: Armour fits poorly on your strangely
                  | shaped body. [potion of mutation]
 22882 | D:12     | Gained mutation: You possess an exceptional clarity of
                  | mind. [potion of mutation]
 22883 | D:12     | Lost mutation: Armour fits poorly on your strangely shaped
                  | body. [potion of mutation]
 22883 | D:12     | Lost mutation: You are frail. (-10% HP) [potion of
                  | mutation]
 22883 | D:12     | Lost mutation: You possess an exceptional clarity of mind.
                  | [potion of mutation]
 22883 | D:12     | Gained mutation: Your body sometimes deteriorates upon
                  | taking damage. [potion of mutation]
 22883 | D:12     | Gained mutation: Armour fits poorly on your strangely
                  | shaped body. [potion of mutation]
 22883 | D:12     | Gained mutation: You have a pair of small antennae on your
                  | head. [potion of mutation]
 22883 | D:12     | Gained mutation: Your muscles are strong. (Str +4, Int/Dex
                  | -1) [potion of mutation]
 22884 | D:12     | Lost mutation: Your body sometimes deteriorates upon taking
                  | damage. [potion of mutation]
 22884 | D:12     | Lost mutation: Your muscles are strong. (Str +4, Int/Dex
                  | -1) [potion of mutation]
 22885 | D:12     | Lost mutation: Armour fits poorly on your strangely shaped
                  | body. [potion of mutation]
 22885 | D:12     | Lost mutation: You have a pair of small antennae on your
                  | head. [potion of mutation]
 22885 | D:12     | Gained mutation: Your spells are a little harder to cast,
                  | but a little more powerful. [potion of mutation]
 22885 | D:12     | Gained mutation: You have large cloven feet. [potion of
                  | mutation]
 22909 | Orc:1    | Entered Level 1 of the Orcish Mines
 23166 | Orc:1    | Found a frozen archway.
 23179 | IceCv    | Entered an ice cave
 23243 | IceCv    | Found a transporter.
 23254 | IceCv    | Found a transporter.
 23424 | Orc:1    | Found the +15 Maxwell's patent armour {-Cast -Tele rElec
                  | Will+ rCorr}
 23799 | Orc:2    | Entered Level 2 of the Orcish Mines
 23865 | Orc:2    | Noticed Azrael
 23916 | Orc:2    | Found Ziosmok's Antique Weapon Emporium.
 23924 | Orc:2    | Paralysed by an orc sorcerer for 5 turns
 24023 | Orc:2    | Paralysed by an orc sorcerer for 5 turns
 24187 | Orc:2    | Found a staircase to the Elven Halls.
 24187 | Orc:2    | Found Yvanenk's Jewellery Boutique.
 24408 | Orc:2    | Killed Azrael
 24515 | Orc:2    | Found Oleser's General Store.
 24772 | Orc:2    | Found Nonkual's Antique Armour Shoppe.
 24783 | Orc:2    | Bought a pair of runed boots for 240 gold pieces
 24783 | Orc:2    | Bought a thick robe for 182 gold pieces
 24783 | Orc:2    | Identified the +1 robe "Wiewaufi" {Drain rElec Slay+3} (You
                  | bought it in a shop on level 2 of the Orcish Mines)
 25031 | Shoals:1 | Entered Level 1 of the Shoals
 25626 | Shoals:1 | Identified the ring of Hamammux {rPois rF+ rC+ Will+}
 26195 | Shoals:2 | Reached XP level 16. HP: 105/105 MP: 27/42
 26198 | Shoals:2 | Reached skill level 10 in Earth Magic
 27137 | Shoals:3 | Noticed Roxanne
 27497 | Shoals:3 | Noticed Donald
 27540 | Shoals:3 | Killed Donald
 27871 | Shoals:3 | Identified the +3 chain mail "Boewn" {Will+ MP+9 Dex+3}
 27913 | Shoals:3 | Noticed Polyphemus
 28003 | Shoals:3 | Killed Polyphemus
 28280 | Shoals:4 | Entered Level 4 of the Shoals
 28348 | Shoals:4 | Reached skill level 19 in Conjurations
 28586 | Shoals:4 | Found Fonnuwor's General Store.
 28603 | Shoals:4 | Found Ruets's Antique Armour Boutique.
 28666 | Shoals:4 | Noticed a kraken
 28672 | Shoals:4 | Killed a kraken
 28819 | Shoals:4 | Bought a potion of curing for 39 gold pieces
 28819 | Shoals:4 | Bought a scroll of blinking for 97 gold pieces
 28819 | Shoals:4 | Bought a scroll of teleportation for 39 gold pieces
 28909 | Shoals:4 | Noticed a kraken
 28918 | Shoals:4 | Killed a kraken
 29256 | Shoals:4 | Identified the +3 flail of Collusion {freeze, Fragile Will+
                  | SInv}
 29540 | Shoals:4 | Identified the ring "Vupteati" {Will+ rCorr Str+2 Int-5}
 29653 | Shoals:4 | Identified the +10 dagger "Kaaffeoras" {flame, Int+3}
 29842 | Shoals:4 | Noticed a kraken
 29853 | Shoals:4 | Killed a kraken
 29906 | Shoals:4 | Got a barnacled rune of Zot
 30476 | Spider:1 | Entered Level 1 of the Spider Nest
 30582 | Spider:1 | Reached XP level 17. HP: 111/111 MP: 33/44
 30608 | Spider:1 | Identified the +0 pair of boots "Pelamef" {Drain rPois
                  | Regen+}
 31133 | Spider:1 | Identified the ring of Vampiric Thralls {Wiz rC+ Dex+3}
 31500 | Spider:2 | Reached skill level 1 in Shields
 31685 | Spider:2 | Noticed Mlioglotl
 31693 | Spider:2 | Killed Mlioglotl
 31973 | Spider:2 | Noticed Kirke
 31980 | Spider:2 | Killed Kirke
 33070 | D:1      | Bought the +0 mask of the Dragon {Will+ Slay+3 SInv} for
                  | 400 gold pieces
 33070 | D:1      | Found the +0 mask of the Dragon {Will+ Slay+3 SInv}
 34367 | Spider:4 | Entered Level 4 of the Spider Nest
 34490 | Spider:4 | Noticed Arachne
 34511 | Spider:4 | HP: 4/111 [wolf spider (15)]
 34511 | Spider:4 | Slain by a wolf spider

Illustrated notes

Levels and vault maps discovered:
D:1:      dpeg_arrival_tiny_a, layout_loops_cross, serial_shops,
          nicolae_shop_tiny_waterfront
D:2:      layout_loops_ring, st_stairs_5, uniq_jessica
D:3:      layout_rooms, portal_sewer_entry_a, hellmonk_ghost_happy_afterlife,
          serial_shops, nicolae_shop_getting_attention,
          nicolae_elevator_lobby_plus
D:4:      layout_rooms, gammafunk_temple_overflow_pools,
          minmay_temple_entry_ruins, chequers_big_river, uniq_menkaure,
          uniq_crazy_yiuf_cottage, uniq_sigmund
D:5:      layout_basic, uniq_duvessa
D:6:      layout_rooms, uniq_edmund
D:7:      layout_cave_pools, enter_bailey_5, corexii_corridor_pit
D:8:      layout_rooms, nicolae_kite_square_tiling_tiny, minivault_4,
          corexii_checkpoint_a, kennysheep_decorative_pillar
D:9:      layout_roguey, uniq_harold, uniq_joseph
D:10:     layout_cross, serial_shops, shop, uniq_nergalle, uniq_gastronok,
          uniq_fannar
D:11:     layout_irregular_city, minmay_lair_entry_grove,
          gammafunk_ghost_cemetery, serial_ice, serial_ice_b, serial_ice_d,
          serial_ice_l, serial_ice_e, corexii_leaking_fountain, uniq_lodul
D:12:     layout_long_grid, david_orc_2,
          ploomutoo_gammafunk_ghost_potion_laboratory
D:13:     layout_long_grid, uniq_snorg, uniq_urug
D:14:     layout_roguey [special_room_bee], david_vaults_2,
          hellmonk_guarded_unrand_starlight
D:15:     gammafunk_depths_entry_grave, layout_layer_cave
Lair:1:   layout_chaotic_city, chequers_serial_rivers_small_a,
          serial_bayou_lagoon_b
Lair:2:   layout_loops_ring, spider_nest_entry_web_field
Lair:3:   cheibrodos_magma_flow, layout_regular_city,
          nicolae_shoals_entry_roost, st_stairs_8, grunt_megastairs_4,
          lemuel_fruit_fields
Lair:4:   layout_misc_corridors, minmay_slime_entry_oklob_open,
          gammafunk_ghost_arena
Lair:5:   hangedman_lair_in_review, layout_loops_ring,
          grunt_forest_small_clearings
Shoals:1: layout_shoals, nicolae_shoals_seven_spires
Shoals:2: layout_shoals
Shoals:3: nzn_motion_control, layout_shoals, uniq_donald, uniq_roxanne,
          uniq_polyphemus
Shoals:4: shoals_end_hangedman, layout_shoals, serial_shops,
          nicolae_shop_window_shopping, shop, nicolae_shoals_lost_giant_hut
Spider:1: layout_spider_delve
Spider:2: layout_spider_delve, uniq_kirke, uniq_mlioglotl
Spider:3: layout_cave_pods, hangedman_spider_tarantella_strand
Spider:4: grunt_spider_rune_circles, uniq_arachne
Orc:1:    layout_caves, basic_altar, portal_ice_cave_entry_pillars_1,
          dreamdust_deal_with_the_devil
Orc:2:    grunt_orc_gardens, layout_caves, grunt_orc_garden, grunt_orc_garden,
          grunt_orc_garden, grunt_orc_garden, nicolae_orc_rockfall, uniq_azrael

Skill      XL: |  1  2  3  4  5  6  7  8  9 10 11 12 13 14 15 16 17 |
---------------+----------------------------------------------------+-----
Spellcasting   | 2 3 4 5 6 7 9 10 12 13 15 16 17 18 | 18.0
Conjurations   | 4 5 6 7 8 10 12 13 15 16 17 18 19 | 19.6
Earth Magic    | 5 9 12 13 | 13.8
Shields        | 4 |  4.5
Dodging        | |  1.7
Stealth        | |  1.7

Action                     |  1- 3 |  4- 6 |  7- 9 | 10-12 | 13-15 | 16-18 || total
---------------------------+-------+-------+-------+-------+-------+-------++-------
  Melee: Unarmed           |     4 |       |       |       |       |       ||     4
         Dagger            |     9 |     1 |       |       |       |       ||    10
         Mace              |       |       |       |     9 |    22 |       ||    31
         Staff             |       |       |       |       |     2 |    15 ||    17
   Cast: Magic Dart        |    53 |   103 |   130 |    70 |       |       ||   356
         Searing Ray       |     4 |    37 |    53 |    60 |       |       ||   154
         Iskenderun's Myst |       |       |    23 |    85 |   172 |   149 ||   429
         Freezing Cloud    |       |       |     1 |    17 |    93 |    68 ||   179
         Stone Arrow       |       |       |       |   206 |   715 |   499 ||  1420
  Evoke: Wand              |       |       |       |     1 |     6 |     1 ||     8
    Use: Scroll            |     1 |       |    10 |     4 |    13 |    11 ||    39
         Potion            |     1 |       |     1 |     2 |     6 |       ||    10
   Stab: Invisible         |       |       |       |       |       |     1 ||     1
 Armour: Robe              |     2 |     6 |     6 |    54 |   106 |    82 ||   256
  Dodge: Dodged            |    17 |    40 |    28 |   103 |   271 |   220 ||   679
  Block: Kite shield       |       |       |       |       |       |    65 ||    65
